 Dungeon Crawl Stone Soup version 0.24-a0-22-g2a401c0 (webtiles) character file.

Game seed: 2204413406035227077

557 Mgcat the Cudgeler (level 7, -10/72 HPs)
             Began as an Ogre Berserker on Feb 1, 2019.
             Was a Priest of Trog.
             Mangled by a mummy (16 damage)
             ... in an ossuary.
             The game lasted 00:08:20 (3660 turns).

Mgcat the Cudgeler (Ogre Berserker)                 Turns: 3660, Time: 00:08:21

Health: -10/72     AC:  4    Str: 22    XL:     7   Next: 30%
Magic:  7/7        EV: 10    Int:  8    God:    Trog [***...]
Gold:   124        SH:  0    Dex: 10    Spells: 6/6 levels left

rFire    . . .     SeeInvis .   a - +0 mace
rCold    . . .     Gourm    .   (no shield)
rNeg     . . .     Faith    .   d - +1 robe
rPois    .         Spirit   .   (helmet restricted)
rElec    .         Reflect  .   (no cloak)
rCorr    .         Harm     .   (gloves unavailable)
MR       .....                  (boots unavailable)
Stlth    +.........             (no amulet)
HPRegen  0.22/turn              (no ring)
MPRegen  0.10/turn              (no ring)

@: flying
A: large, unfitting armour, tough skin 1
a: Berserk, Trog's Hand, Renounce Religion


You were in an ossuary.
You worshipped Trog.
Trog was most pleased with you.
You were not hungry.

You visited 1 branch of the dungeon, and saw 4 of its levels.
You also visited: Ossuary.

You collected 124 gold pieces.

Inventory:

Hand Weapons
 a - a +0 mace (weapon)
 b - a +0 hunting sling of flaming
   (You found it on level 1 of the Dungeon)
Missiles
 h - 181 stones (quivered)
 p - a sling bullet
Armour
 d - a +1 robe (worn)
   (You found it on level 1 of the Dungeon)
Wands
 g - a wand of random effects (19)
   (You took it off Natasha on level 2 of the Dungeon)
 l - a wand of flame (16)
   (You found it on level 2 of the Dungeon)
Scrolls
 e - 2 scrolls of identify
 k - 2 scrolls of fear
 m - a scroll of blinking {unknown}
 o - a scroll of remove curse
 r - a scroll of teleportation
Potions
 f - 2 potions of lignification {!q}
 i - 3 potions of agility
 j - a potion of haste
 q - a potion of cancellation
Comestibles
 c - 5 rations


   Skills:
 - Level 5.0 Fighting
 + Level 7.1 Maces & Flails
 - Level 2.6 Dodging


You had 6 spell levels left.
You didn't know any spells.
Your spell library was empty.

Dungeon Overview and Level Annotations

Branches:
Dungeon (4/15)
 Temple: D:4-7

Altars:
Elyvilon
Yredelemnul

Annotations:
D:4 Duvessa


Innate Abilities, Weirdness & Mutations

You are too large for most types of armour.
You have tough skin. (AC +1)


Message History

Aim: a mummy You shoot a sling bullet.
The sling bullet completely misses the mummy.
Warning x2: The mummy can hit for moderate damage in melee! x2
Firing (i - inventory. (/) - cycle)
p - 8 sling bullets (quivered)
Press: ? - help, Shift-Dir - straight line, f/p - mummy
Aim: a mummy You shoot a sling bullet.
The sling bullet barely misses the mummy.
Firing (i - inventory. (/) - cycle)
p - 7 sling bullets (quivered)
Press: ? - help, Shift-Dir - straight line, f/p - mummy
Aim: a mummy You shoot a sling bullet.
The sling bullet barely misses the mummy.
Warning x2: The mummy can hit for moderate damage in melee! x2
Firing (i - inventory. (/) - cycle)
p - 6 sling bullets (quivered)
Press: ? - help, Shift-Dir - straight line, f/p - mummy
Aim: a mummy You shoot a sling bullet.
The sling bullet closely misses the mummy.
Firing (i - inventory. (/) - cycle)
p - 5 sling bullets (quivered)
Press: ? - help, Shift-Dir - straight line, f/p - mummy
Aim: a mummy You shoot a sling bullet.
The sling bullet hits the mummy.
The sling bullet burns the mummy.
The mummy is moderately damaged.
Warning x2: The mummy can hit for moderate damage in melee! x2
Firing (i - inventory. (/) - cycle)
p - 4 sling bullets (quivered)
Press: ? - help, Shift-Dir - straight line, f/p - mummy
Aim: a mummy (moderately damaged)
You shoot a sling bullet.
The sling bullet hits the mummy but does no damage.
The mummy is moderately damaged.
Warning x2: The mummy can hit for moderate damage in melee! x2
Firing (i - inventory. (/) - cycle)
p - 3 sling bullets (quivered)
Press: ? - help, Shift-Dir - straight line, f/p - mummy
Aim: a mummy (moderately damaged)
You shoot a sling bullet.
The sling bullet barely misses the mummy.
The mummy hits you!
You take 7 damage, and have 57/72 hp.
Warning x2: The mummy can hit for moderate damage in melee! x2
Firing (i - inventory. (/) - cycle)
p - 2 sling bullets (quivered)
Press: ? - help, Shift-Dir - straight line, f/p - mummy
Aim: a mummy (moderately damaged)
You shoot a sling bullet.
The sling bullet barely misses the mummy.
The mummy hits you!! The mummy closely misses you.
You take 20 damage, and have 37/72 hp.
MASSIVE DAMAGE!!
Warning x2: The mummy can hit for moderate damage in melee! x2
You are too injured to fight recklessly!
You are too injured to fight recklessly!
You are too injured to fight recklessly!
You are too injured to fight recklessly!
Your +0 hunting sling of flaming stops flaming.
a - a +0 mace (weapon)
Warning x2: The mummy can hit for moderate damage in melee! x2
You see here a sling bullet.
You swing at nothing.
You sock the mummy!
The mummy is heavily damaged.
Evoke which item? (* to show all) (? for menu, Esc to quit)
Aiming: Throw Flame
Press: ? - help, Shift-Dir - straight line, f/p - mummy
Aim: a mummy (moderately damaged)
The puff of flame hits the mummy but does no damage.
The mummy is moderately damaged.
The mummy hits you! x2
* * * LOW HITPOINT WARNING * * *
You take 23 damage, and have 16/72 hp.
MASSIVE DAMAGE!!
Warning x2: The mummy can hit for moderate damage in melee! x2
Evoke which item? (* to show all) (? for menu, Esc to quit)
Aiming: Throw Flame
Press: ? - help, Shift-Dir - straight line, f/p - mummy
Aim: a mummy (moderately damaged)
The puff of flame hits the mummy!
The mummy is burned terribly!
The mummy is severely damaged.
The mummy hits you!
* * * LOW HITPOINT WARNING * * *
You take 11 damage, and have 5/72 hp.
Warning x2: The mummy can hit for moderate damage in melee! x2
Okay, then.
Unknown command.
Unknown command.
Unknown command.
Unknown command.
Unknown command.
Warning x2: The mummy can hit for moderate damage in melee! x2
Unknown command.
Evoke which item? (* to show all) (? for menu, Esc to quit)
Okay, then.
As you read the scroll of fear, it crumbles to dust.
You assume a fearsome visage.
The mummy is unaffected. x2
Unknown command.
Warning x2: The mummy can hit for moderate damage in melee! x2
Unknown command.
It was a potion of flight.
You feel very buoyant.
You fly up into the air.
The mummy hits you!
You die...

...(............
....(.......(..
.....(.(...(..#
#...((..(#
#(..(((#
##...(## #....#
#.(MM# #...@#
#....# #....#
#....# #....#
#.∩∩.# ######


You could see 2 mummies.

Vanquished Creatures
  Menkaure (D:4)
  A scorpion (D:4)
  A bullfrog skeleton (D:4)
  Terence (D:3)
  Natasha (thrice) (D:2)
  2 worker ants (D:4)
  A big kobold zombie (Ossuary)
  4 mummies (Ossuary)
  8 adders
  An adder skeleton (D:2)
  3 worms
  A dart slug (D:3)
  3 leopard geckos
  3 orcs
  A ball python (D:1)
  A giant cockroach (D:1)
  3 goblins
  8 hobgoblins
  2 kobolds
  5 quokkas
  12 bats
  A frilled lizard (D:3)
  2 hobgoblin zombies (Ossuary)
  A kobold zombie (Ossuary)
  4 orc zombies (Ossuary)
  4 rats
77 creatures vanquished.

Notes
Turn   | Place    | Note
-------+----------+-------------------------------------------
     0 | D:1      | Mgcat the Ogre Berserker began the quest for the Orb.
     0 | D:1      | Reached XP level 1. HP: 24/24 MP: 1/1
   262 | D:1      | Reached XP level 2. HP: 33/33 MP: 2/2
   371 | D:1      | Reached skill level 3 in Maces & Flails
   922 | D:2      | Reached XP level 3. HP: 39/41 MP: 3/3
  1056 | D:2      | Reached ** piety under Trog
  1066 | D:2      | Reached skill level 5 in Fighting
  1301 | D:2      | Noticed Natasha
  1307 | D:2      | Killed Natasha
  1307 | D:2      | Reached XP level 4. HP: 50/50 MP: 4/4
  1429 | D:2      | Noticed Natasha
  1442 | D:2      | Killed Natasha
  1442 | D:2      | Reached skill level 4 in Maces & Flails
  1501 | D:2      | Noticed Natasha
  1511 | D:2      | Killed Natasha
  1511 | D:2      | Reached XP level 5. HP: 19/57 MP: 5/5
  1811 | D:3      | Noticed Terence
  1922 | D:3      | Killed Terence
  2048 | D:3      | Reached skill level 5 in Maces & Flails
  2727 | D:3      | Reached XP level 6. HP: 57/66 MP: 6/6
  2763 | D:3      | Found a basalt altar of Yredelemnul.
  2815 | D:3      | Found a white marble altar of Elyvilon.
  2903 | D:4      | Noticed a phantom
  3082 | D:4      | Noticed Duvessa
  3155 | D:4      | Noticed Menkaure
  3159 | D:4      | Killed Menkaure
  3159 | D:4      | Reached skill level 6 in Maces & Flails
  3175 | D:4      | Reached *** piety under Trog
  3185 | D:4      | Reached XP level 7. HP: 60/72 MP: 7/7
  3206 | D:4      | HP: 18/72 [poisoned by a scorpion]
  3212 | D:4      | HP: 15/72 [poisoned by a scorpion]
  3218 | D:4      | HP: 13/72 [poisoned by a scorpion]
  3224 | D:4      | HP: 12/72 [poisoned by a scorpion]
  3232 | D:4      | HP: 12/72 [poisoned by a scorpion]
  3466 | D:4      | Found a sand-covered staircase.
  3476 | Ossuary  | Entered an ossuary
  3499 | Ossuary  | Reached skill level 7 in Maces & Flails
  3656 | Ossuary  | HP: 16/72 [mummy (7)]
  3657 | Ossuary  | HP: 5/72 [mummy (11)]
  3660 | Ossuary  | Mangled by a mummy

Vault maps used:
D:1:      dpeg_arrival_arbitrary_c
D:2:      uniq_natasha
D:3:      kennysheep_ying_yang, first_ration, uniq_terence
D:4:      enter_ossuary_1, trog_three_pillars_becter, uniq_menkaure,
          uniq_duvessa
Ossuary:  ossuary_tomb_3

Skill      XL: |  1  2  3  4  5  6  7 |
---------------+----------------------+-----
Maces & Flails | 3 4 5 6 7 |  7.1
Fighting       | 5 |  5.0
Dodging        | |  2.6

Action                   |  1- 3 |  4- 6 |  7- 9 || total
-------------------------+-------+-------+-------++-------
Melee: Mace              |    56 |    59 |    19 ||   134
 Fire: Hunting sling     |    40 |   106 |    40 ||   186
Evoke: Wand              |       |       |     2 ||     2
  Use: Scroll            |     5 |     6 |     1 ||    12
       Potion            |       |     1 |     1 ||     2
  Eat: Chunk             |     1 |     5 |       ||     6
       Ration            |       |       |     1 ||     1
Armor: Robe              |    33 |     8 |     8 ||    49
Dodge: Dodged            |    58 |    39 |    11 ||   108

Table legend:
 A = Non-vault XP
 B = Vault XP
 C = Vault XP percentage of total XP
 D = Non-vault monster count
 E = Vault monster count
 F = Vault count percentage of total count
                 A         B        C        D         E       F
            +---------+---------+-------+---------+---------+-------
      Total |     450 |     347 |  43.5 |      62 |      15 |  19.5
            +---------+---------+-------+---------+---------+-------
        D:1 |      19 |       0 |   0.0 |      11 |       0 |   0.0
        D:2 |     120 |      35 |  22.6 |      19 |       1 |   5.0
        D:3 |     116 |      36 |  23.7 |      24 |       1 |   4.0
        D:4 |     195 |     175 |  47.3 |       8 |       1 |  11.1
    Ossuary |       0 |     101 | 100.0 |       0 |      12 | 100.0
            +---------+---------+-------+---------+---------+-------

Vault maps used:
D:1:      dpeg_arrival_arbitrary_c
D:2:      uniq_natasha
D:3:      kennysheep_ying_yang, first_ration, uniq_terence
D:4:      enter_ossuary_1, trog_three_pillars_becter, uniq_menkaure,
          uniq_duvessa
Ossuary:  ossuary_tomb_3

Table legend:
 A = Turns spent in this place as a percentage of turns spent in the entire game.
 B = Non-inter-level travel turns spent in this place as a percentage of non-inter-level travel turns spent in the entire game.
 C = Inter-level travel turns spent in this place as a percentage of turns spent in this place.
 D = Turns resting spent in this place as a percentage of non-inter-level travel turns spent in this place.
 E = Turns spent auto-exploring this place as a percentage of non-inter-level travel turns spent in this place.
 F = Non-inter-level travel turns spent in this place divided by the number of levels of this place that you've seen.
                   A       B       C       D       E      F
               +-------+-------+-------+-------+-------+----------------------
         Total | 100.0 | 100.0 |   8.7 |   6.0 |  75.2 | 668.6
       Dungeon |  95.0 |  94.5 |   9.1 |   6.3 |  76.1 | 789.8
       Ossuary |   5.0 |   5.5 |   0.0 |   0.0 |  60.9 | 184.0
               +-------+-------+-------+-------+-------+----------------------

Table legend:
 A = Kills in this place as a percentage of kills in entire the game.
 B = Kills by you in this place as a percentage of kills by you in the entire game.
 C = Kills by friends in this place as a percentage of kills by friends in the entire game.
 D = Other kills in this place as a percentage of other kills in the entire game.
 E = Experience gained in this place as a percentage of experience gained in the entire game.
 F = Experience gained in this place divided by the number of levels of this place that you have seen.
                   A       B       C       D       E      F
               +-------+-------+-------+-------+-------+----------------------
         Total | 100.0 | 100.0 |   N/A |   N/A | 100.0 | 159.4
       Dungeon |  84.4 |  84.4 |   N/A |   N/A |  87.3 | 174.0
       Ossuary |  15.6 |  15.6 |   N/A |   N/A |  12.7 | 101.0
               +-------+-------+-------+-------+-------+----------------------
